 Dungeon Crawl Stone Soup version 0.28-a0-1624-g820543e53a (webtiles) character file.

Game seed: 10069083632887027273

861 timneilson the Covered (level 8, -3/48 HPs)
             Began as a Gargoyle Fighter on Jan 23, 2022.
             Was an Initiate of Okawaru.
             Slain by a mummy (7 damage)
             ... in an ossuary.
             The game lasted 00:08:44 (4908 turns).

timneilson the Covered (Gargoyle Fighter)           Turns: 4908, Time: 00:08:45

Health: -3/48      AC: 15    Str: 20 (22) XL:     8   Next: 2%
Magic:  8/8        EV:  9    Int:  8 (9)  God:    Okawaru [......]
Gold:   240        SH:  4    Dex:  6 (9)  Spells: 7/7 levels left

rFire   . . .      SeeInvis .   a - +1 long sword
rCold   . . .      Faith    .   c - +0 buckler
rNeg    + . .      Spirit   .   b - +0 scale mail
rPois   ∞          Reflect  .   (no helmet)
rElec   +          Harm     .   l - +1 cloak
rCorr   .          Rampage  .   (no gloves)
Will    .....                   (no boots)
Stlth   ..........              (no amulet)
HPRegen 0.16/turn               (no ring)
MPRegen 0.11/turn               (no ring)

@: brilliant
A: sickness immunity, AC +5, negative energy resistance 1, electricity
resistance, torment resistance 1, petrification resistance
a: Renounce Religion


You were in an ossuary.
You worshipped Okawaru.
Okawaru was noncommittal.
You visited 2 branches of the dungeon, and saw 6 of its levels.
You also visited: Ossuary.

You collected 240 gold pieces.

Inventory:

Hand Weapons
 a - a +1 long sword (weapon)
Armour
 b - a +0 scale mail (worn)
 c - a +0 buckler (worn)
 l - a +1 cloak (worn)
Jewellery
 e - a ring of flight
Wands
 i - a wand of mindburst (13)
 m - a wand of acid (15)
Scrolls
 n - a scroll of teleportation
 p - 2 scrolls of enchant armour
Potions
 o - a potion of resistance {unknown}


   Skills:
 + Level 4.5 Fighting
 * Level 4.2 Long Blades
 * Level 5.7 Armour
 + Level 2.0 Dodging
 * Level 5.7 Shields
 + Level 0.9 Invocations
 + Level 1.4 Evocations


You had 7 spell levels left.
You didn't know any spells.
Your spell library contained the following spells:

 Spells                   Type           Power      Damage    Failure   Level
 Apportation              Tloc           0%         N/A       83%         1
 Alistair's Intoxication  Tmut/Pois      0%         N/A       100%        5


Dungeon Overview and Level Annotations

Branches:
Dungeon (5/15)             Temple (1/1) D:5         Ossuary (1/1)

Altars:
Ashenzari
Cheibriados
Dithmenos
Fedhas
Kikubaaqudgha
Makhleb
Nemelex Xobeh
Okawaru
Qazlal
Ru
Sif Muna
Trog
Uskayaw
Vehumet
Wu Jian
Xom
Yredelemnul
Zin
The Shining One


Innate Abilities, Weirdness & Mutations

You are immune to sickness and miasma.
Your stone body is resilient. (AC +5)
You are immune to poison.
You resist negative energy. (rN+)
You are resistant to electric shocks. (rElec)
You are resistant to unholy torment.
You are immune to petrification.


Message History

You bump into the stone wall.
A mummy comes into view. x2
Your extra speed is starting to run out.
You feel less invigorated.
You feel less confused. The mummy completely misses you.
You block the mummy's attack.
There is an empty arch of ancient stone here.
You barely miss the mummy. You slash the mummy!
The mummy is heavily damaged.
The mummy hits you but does no damage. You block the mummy's attack.
You hit the mummy.
The mummy is severely damaged.
You barely miss the mummy.
The mummy is severely damaged.
You feel yourself slow down. The mummy hits you!
A mummy comes into view.
The mummy hits you but does no damage.
You hit the mummy.
The mummy is severely damaged.
The mummy closely misses you. The mummy hits you but does no damage.
You barely miss the mummy.
The mummy is severely damaged.
You hit the mummy but do no damage.
The mummy is severely damaged.
The mummy closely misses you. The mummy hits you!
* * * LOW HITPOINT WARNING * * *
You hit the mummy.
The mummy is almost destroyed.
The mummy hits you but does no damage. The mummy hits you.
* * * LOW HITPOINT WARNING * * *
You slash the mummy!
You destroy the mummy!
Okawaru accepts your kill.
It was a potion of degeneration.
There was something very wrong with that liquid.
You feel weakened.
You feel dopey.
You feel clumsy. The mummy hits you!
You die...

#
###########.#
##............
#......M......
#.....@.∩M....
#...........^.
##............
###########.#
#


You could see 2 mummies.

Vanquished Creatures
  2 ogres (D:4)
  3 scorpions
  A howler monkey (D:4)
  2 centaur zombies (Ossuary)
  An orc priest (D:3)
  2 hounds
  Crazy Yiuf (D:3)
  A jelly (D:3)
  2 iguanas (D:3)
  2 orc wizards (D:3)
  4 mummies (Ossuary)
  3 adders
  An ufetubus (D:3)
  An adder skeleton (D:4)
  3 worms
  2 dart slugs
  6 orcs (D:3)
  5 ball pythons
  2 bats
  5 endoplasms
  A giant cockroach (D:1)
  8 goblins
  5 hobgoblins
  2 jackals (D:1)
  2 quokkas
  4 frilled lizards
  5 hobgoblin zombies (Ossuary)
  8 kobolds
  4 rats
88 creatures vanquished.

Notes
Turn   | Place    | Note
-------+----------+-------------------------------------------
     0 | D:1      | timneilson the Gargoyle Fighter began the quest for the
                  | Orb.
     0 | D:1      | Reached XP level 1. HP: 14/14 MP: 1/1
   139 | D:1      | Reached XP level 2. HP: 19/19 MP: 2/2
   532 | D:1      | Reached XP level 3. HP: 23/23 MP: 3/3
   536 | D:1      | Found a faded altar of an unknown god.
  1585 | D:3      | Found a shadowy altar of Dithmenos.
  1586 | D:3      | Noticed a scorpion
  1587 | D:3      | Found a transporter.
  1681 | D:3      | Reached XP level 4. HP: 28/28 MP: 4/4
  2115 | D:3      | Found a bloodstained altar of Trog.
  2192 | D:3      | Reached skill level 1 in Dodging
  2192 | D:3      | Reached XP level 5. HP: 24/33 MP: 5/5
  2572 | D:3      | Found a runed translucent door.
  2573 | D:3      | Noticed Crazy Yiuf
  2579 | D:3      | Killed Crazy Yiuf
  2867 | D:3      | Found a transporter.
  2963 | D:3      | Reached XP level 6. HP: 13/38 MP: 6/6
  3501 | D:4      | Reached skill level 5 in Armour
  3668 | D:4      | Reached skill level 5 in Shields
  3668 | D:4      | Reached XP level 7. HP: 43/43 MP: 7/7
  3704 | D:4      | Found a shimmering altar of Xom.
  4349 | D:3      | Reached skill level 1 in Evocations
  4599 | D:5      | Entered Level 5 of the Dungeon
  4602 | D:5      | Found a staircase to the Ecumenical Temple.
  4611 | Temple   | Entered the Ecumenical Temple
  4756 | Temple   | Became a worshipper of Warmaster Okawaru
  4840 | D:5      | Found a sand-covered staircase.
  4845 | Ossuary  | Entered an ossuary
  4879 | Ossuary  | Reached XP level 8. HP: 14/48 MP: 8/8
  4908 | Ossuary  | Slain by a mummy

Illustrated notes

Levels and vault maps discovered:
D:1:      matt_arrival_diagonals, layout_basic, ebering_ecumenical_altar_box
D:2:      layout_rooms
D:3:      layout_loops_ring, gammafunk_temple_overflow_arena,
          mainiacjoe_overflow_surrounded_room, hangedman_glass_teeth,
          uniq_crazy_yiuf_cottage
D:4:      wander_river, layout_gridville, mainiacjoe_overflow_brackets
D:5:      layout_basic, minmay_temple_entry_crystal_x, enter_ossuary_5
Temple:   eino_temple_scatter_basement
Ossuary:  ossuary_the_hunt_dpeg

Skill      XL: |  1  2  3  4  5  6  7 |
---------------+----------------------+-----
Long Blades    | 2 3 4 |  4.2
Armour         | 4 5 |  5.7
Shields        | 4 5 |  5.7
Dodging        | 1 2 |  2.0
Fighting       | 4 |  4.5
Evocations     | 1 |  1.4
Invocations    | |  0.9

Action                   |  1- 3 |  4- 6 |  7- 9 || total
-------------------------+-------+-------+-------++-------
Melee: Long sword        |   115 |   124 |   111 ||   350
  Use: Scroll            |     4 |     2 |     4 ||    10
       Potion            |       |       |     9 ||     9
Armor: Scale mail        |    50 |    69 |    79 ||   198
Dodge: Dodged            |    51 |    50 |    85 ||   186
Block: Buckler           |    22 |    27 |    29 ||    78

Table legend: (Time is in decaauts)
 A = Elapsed time spent in this place.
 B = Non-inter-level travel time spent in this place.
 C = Inter-level travel time spent in this place.
 D = Time resting spent in this place.
 E = Time spent auto-exploring this place.
 F = Levels seen in this place.
 G = Mean time per level.
                   A        B        C        D        E       F      G
               +--------+--------+--------+--------+--------+-----+--------+
         Total |   4975 |   4832 |    143 |    663 |   3138 |   7 |  710.7 |
       Dungeon |   4759 |   4628 |    131 |    663 |   3026 |   5 |  951.8 |
        Temple |    161 |    149 |     12 |      0 |    112 |   1 |  161.0 |
       Ossuary |     54 |     54 |      0 |      0 |      0 |   1 |   54.0 |
               +--------+--------+--------+--------+--------+-----+--------+

Top non-repeatable levels by time:
     D:3: 1890 daAuts
     D:4: 1219 daAuts
     D:1: 975 daAuts
     D:2: 580 daAuts
  Temple: 161 daAuts
     D:5: 92 daAuts
 Ossuary: 54 daAuts
